 Dungeon Crawl Stone Soup version bcrawl-1.19.1 (webtiles) character file.

Game seed: 5489948834932741048

130 JackS81 the Cudgeler (level 4, -10/35 HPs)
             Began as a Minotaur Archaeologist on Nov 28, 2019.
             Killed by divine providence
             ... invoked by an orc priest
              (14 damage)
             ... on level 3 of the Dungeon on Nov 29, 2019.
             The game lasted 00:05:43 (1713 turns).

JackS81 the Cudgeler (Minotaur Archaeologist)       Turns: 1713, Time: 00:05:44

Health: -10/35     AC:  6    Str: 16    XL:     4   Next: 90%
Magic:  3/3        EV: 13    Int: 11    God:
Gold:   99         SH:  0    Dex:  9    Spells: 3/3 levels left

rFire    . . .     SeeInvis .   i - +1 short sword (speed)
rCold    . . .     Gourm    .   (no shield)
rNeg     . . .     Faith    .   b - +1 robe
rPois    .         Spirit   .   c - +1 hat
rElec    .         Reflect  .   (no cloak)
rCorr    .         Harm     .   (no gloves)
MR       .....                  d - +1 pair of boots
Stlth    ++........             (no amulet)
HPRegen  0.11/turn              (no ring)
MPRegen  0.08/turn              (no ring)

@: hasted, studying Short Blades, very quick
A: retaliatory headbutt, horns 2
a: no special abilities


You were on level 3 of the Dungeon.
You were not hungry.

You visited 1 branch of the dungeon, and saw 3 of its levels.

You collected 99 gold pieces.

Inventory:

Hand Weapons
 a - a +0 whip
 h - a +0 hunting sling
 i - a +1 short sword of speed (weapon)
 o - a +0 dagger
Missiles
 l - 621 stones (quivered)
Armour
 b - a +1 robe (worn)
 c - a +1 hat (worn)
 d - a +1 pair of boots (worn)
Scrolls
 j - a scroll of fear {unknown}
 k - a scroll of amnesia {unknown}
 n - 2 scrolls of identify {unknown}
 p - 3 scrolls of teleportation {unknown}
 q - a scroll of remove curse {unknown}
Books
 e - a manual of Short Blades
Miscellaneous
 f - an ancient crate
Comestibles
 g - 4 rations {!d}


   Skills:
 + Level 1.2 Fighting
 * Level 2.3 Short Blades
 - Level 4.0 Maces & Flails
 - Level 0.4 Slings
 * Level 2.1 Armour
 + Level 3.9 Dodging
 - Level 2.6 Stealth


You had 3 spell levels left.
You didn't know any spells.
Your spell library was empty.

Dungeon Overview and Level Annotations

Branches:
Dungeon (3/12)

Altars:


Innate Abilities, Weirdness & Mutations

You reflexively headbutt those who attack you in melee.
You have a pair of horns on your head.


Message History

The orc is almost dead.
The orc priest mumbles some strange prayers to Beogh against you.
Beogh smites you!
* * * LOW HITPOINT WARNING * * *
The orc hits you.
* * * LOW HITPOINT WARNING * * *
The orc hits you with a cursed +0 club.
* * * LOW HITPOINT WARNING * * *
The orc hits you with a +0 club.
* * * LOW HITPOINT WARNING * * *
Things that are here:
a +0 club; an orc corpse
Okay, then.
It was a potion of haste.
You feel yourself speed up. The orc barely misses you.
You hit the orc.
You kill the orc!
The orc priest calls down the wrath of Beogh upon you.
Beogh smites you!
You die...

#..#.#...
.%#.#..#
##...#..#
....#..##
#####.?#...
.......#.#
#oo.#
#######oS.#
#....@†oo.#
#.######.)#
#.# ..>#
#.### ##.#
#..># .#
###.# .#
#<# .# ###


You could see an orc priest, 3 orcs and a ball python.

Vanquished Creatures
  A hound (D:2)
  Terence (D:2)
  3 worms (D:2)
  4 dart slugs
  4 leopard geckos
  3 orcs (D:3)
  2 giant cockroaches
  9 goblins
  8 hobgoblins
  2 jackals (D:2)
  2 quokkas (D:2)
  A ball python (D:1)
  2 bats (D:1)
  A frilled lizard (D:2)
  4 kobolds
  2 rats (D:1)
49 creatures vanquished.

Notes
Turn   | Place    | Note
-------+----------+-------------------------------------------
     0 | D:1      | JackS81 the Minotaur Archaeologist began the quest for the
                  | Orb.
     0 | D:1      | Reached XP level 1. HP: 16/16 MP: 0/0
    81 | D:1      | Reached skill level 2 in Maces & Flails
   104 | D:1      | Reached XP level 2. HP: 23/23 MP: 1/1
   243 | D:1      | Reached skill level 1 in Armour
   306 | D:1      | Reached XP level 3. HP: 26/28 MP: 2/2
   545 | D:2      | Reached skill level 1 in Short Blades
   545 | D:2      | Reached skill level 3 in Maces & Flails
   728 | D:2      | Reached XP level 4. HP: 35/35 MP: 3/3
  1321 | D:2      | Noticed Terence
  1339 | D:2      | Killed Terence
  1386 | D:2      | Reached skill level 4 in Maces & Flails
  1713 | D:3      | Killed from afar by an orc priest

Skill      XL: |  1  2  3  4 |
---------------+-------------+-----
Maces & Flails | 2 3 4 |  4.0
Armour         | 1 2 |  2.1
Short Blades   | 1 2 |  2.3
Fighting       | |  1.2
Slings         | |  0.4
Dodging        | |  3.9
Stealth        | |  2.6

Action                   |  1- 3 |  4- 6 || total
-------------------------+-------+-------++-------
Melee: Whip              |    63 |    76 ||   139
       Headbutt          |     7 |    13 ||    20
       Short sword       |       |    14 ||    14
 Fire: Hunting sling     |    30 |       ||    30
  Use: Potion            |       |     3 ||     3
 Stab: Sleeping          |     2 |       ||     2
  Eat: Chunk             |       |     3 ||     3
Armor: Robe              |    15 |    17 ||    32
Dodge: Dodged            |    43 |    56 ||    99
